Map: Beckett Industries LE

Players

DPGCure (Cure)

  • Race: Terran Terran
  • League: Master

DPGZest (Zest) - Winner!

  • Race: Protoss Protoss

Event: TSL 7

VOD

Have the link to the VOD?

Description

Time

  • Played on: June 27, 2021, 10:36 a.m.
  • Length: 8:47

All games in this series

Show
View Real Time Build Order
Export as new Build Order

DPGCure Terran 

Build Orders:  

Get SALT Encoding   

  12  0:00  SCV  
  13  0:12  SCV  
  14  0:17  Supply Depot  
  14  0:24  SCV  
  14  0:27  Refinery  
  15  0:39  SCV  
  16  0:44  Barracks  
  16  0:51  SCV  
  17  1:03  SCV  
  18  1:15  SCV  
  19  1:31  Orbital Command, Marine  
  20  1:33  Factory  
  20  1:38  Supply Depot  
  20  1:50  Barracks Reactor  
  20  1:57  SCV  
  21  2:09  SCV  
  21  2:10  Command Center  
  22  2:21  SCV  
  23  2:27  Supply Depot  
  23  2:30  Hellion x2  
  23  2:33  SCV  
  23  2:34  Marine  
  29  2:45  SCV  
  30  2:53  Hellion x2  
  30  2:54  Barracks Tech Lab  
  34  2:59  SCV  
  34  3:04  Barracks  
  36  3:20  Cyclone, Barracks  
  36  3:23  Orbital Command  
  36  3:26  SCV  
  39  3:28  Marine  
  39  3:30  Marine  
  41  3:38  SCV  
  41  3:39  Refinery, Orbital Command  
  42  3:47  Marine  
  42  3:48  Marine  
  43  3:51  Barracks Tech Lab  
  43  3:53  SCV  
  45  3:56  Supply Depot  
  45  3:58  Siege Tank  
  48  4:04  SCV  
  48  4:05  SCV  
  50  4:10  Marine, Stimpack  
  50  4:13  Barracks Tech Lab  
  50  4:14  Marine  
  50  4:15  Marine  
  53  4:19  Supply Depot  
  53  4:23  SCV  
  54  4:25  SCV  
  55  4:32  Marine x3  
  55  4:33  Marine  
  59  4:38  Siege Tank  
  59  4:42  SCV  
  63  4:46  SCV  
  63  4:47  Supply Depot  
  64  4:55  SCV, Combat Shield  
  64  4:58  SCV  
  64  4:59  Marine x2  
  68  5:00  Marine  
  68  5:03  Marine  
  70  5:08  SCV  
  70  5:10  SCV  
  70  5:12  Supply Depot  
  72  5:19  Siege Tank  
  75  5:22  Marine x2  
  75  5:24  Marine  
  78  5:30  Supply Depot  
  78  5:33  Marine  
  78  5:35  SCV x2  
  81  5:42  Marine x3  
  84  5:51  Marine, Siege Tank  
  84  5:55  SCV x2  
  86  5:59  Marine x3  
  83  6:14  Marauder  
  83  6:17  Marine x2  
  83  6:18  Marauder  
  88  6:23  Siege Tank  
  88  6:30  SCV x2  
  77  6:36  Marauder  
  79  6:40  Marauder  
  79  6:41  Concussive Shells  
  79  6:44  Marine  
  82  6:48  Marine  
  83  6:57  Marauder  
  84  7:06  Siege Tank  
  85  7:14  Marauder, Marine  
  87  7:19  Marauder  
  83  7:30  Marine  
  83  7:35  Marauder  
  86  7:39  Marine  
  86  7:40  Marauder  
  88  7:48  Marine  
  88  7:49  Siege Tank  
  89  8:02  Marauder  
  89  8:03  Marauder  
  93  8:09  Marine x2  
  54  8:22  SCV x2  
  54  8:26  Marauder  
Show
View Real Time Build Order
Export as new Build Order

DPGZest Protoss - Winner!

Build Orders: 1 Gate Expand, Colossus Rush 

Get SALT Encoding   

  12  0:00  Probe  
  13  0:12  Probe  
  14  0:17  Pylon  
  14  0:24  Probe (Chrono Boost)  
  16  0:36  Probe (Chrono Boost), Gateway  
  16  0:43  Probe (Chrono Boost)  
  16  0:45  Assimilator  
  17  0:51  Probe  
  18  1:03  Probe  
  19  1:15  Probe  
  20  1:23  Cybernetics Core  
  20  1:32  Nexus  
  20  1:35  Probe  
  21  1:42  Pylon  
  21  1:47  Probe  
  21  1:49  Assimilator  
  22  1:57  Adept (Chrono Boost)  
  22  1:59  Probe  
  25  2:03  Warp Gate  
  25  2:11  Probe  
  26  2:17  Robotics Facility  
  26  2:21  Adept  
  28  2:25  Probe  
  29  2:37  Probe  
  30  2:47  Probe  
  30  2:49  Probe, Stalker (Chrono Boost)  
  32  2:56  Shield Battery  
  34  3:03  Probe x2  
  34  3:05  Observer (Chrono Boost)  
  37  3:10  Stalker (Chrono Boost)  
  37  3:11  Pylon  
  37  3:15  Probe x2  
  37  3:19  Observer  
  41  3:20  Pylon  
  42  3:27  Probe x2  
  42  3:29  Shield Battery  
  43  3:39  Probe x2  
  45  3:42  Observer  
  45  3:50  Observer  
  45  3:51  Probe x2  
  45  3:54  Gateway x2, Stalker  
  48  4:03  Probe (Chrono Boost)  
  48  4:08  Probe (Chrono Boost)  
  48  4:09  Robotics Bay  
  49  4:14  Probe (Chrono Boost)  
  51  4:18  Probe (Chrono Boost)  
  51  4:19  Probe (Chrono Boost)  
  51  4:20  Assimilator  
  51  4:23  Assimilator  
  52  4:24  Immortal (Chrono Boost)  
  52  4:27  Probe  
  52  4:30  Probe  
  58  4:32  Pylon  
  58  4:48  Probe  
  58  4:49  Probe  
  60  4:53  Observer, Colossus (Chrono Boost)  
  60  4:57  Pylon  
  66  5:05  Extended Thermal Lance  
  66  5:10  Nexus  
  66  5:12  Probe  
  67  5:17  Sentry  
  69  5:30  Gateway  
  69  5:31  Gateway  
  69  5:34  Pylon  
  69  5:37  Colossus (Chrono Boost)  
  75  5:44  Gateway  
  75  5:45  Shield Battery  
  75  5:46  Observer  
  75  5:56  Shield Battery  
  74  5:59  Stalker x2  
  78  6:11  Pylon  
  78  6:17  Stalker  
  80  6:24  Observer  
  79  6:28  Stalker x4  
  79  6:30  Colossus (Chrono Boost)  
  79  6:43  Stalker x2  
  83  6:51  Pylon  
  83  6:52  Adept x3  
  89  6:56  Adept  
  91  7:04  Pylon  
  91  7:06  Twilight Council  
  89  7:09  Observer  
  89  7:14  Immortal (Chrono Boost)  
  93  7:25  Shield Battery  
  93  7:27  Zealot x3  
  95  7:39  Shield Battery  
  95  7:43  Immortal (Chrono Boost)  
  92  7:46  Zealot  
  92  7:47  Zealot  
  98  7:54  Zealot  
  100  8:02  Adept x2  
  83  8:20  Stalker  
  83  8:21  Stalker x3  
Tags
 
Add a new tag
Caveats
  • Supply blocks, unpowered buildings, or Contaminate may cause inaccurate times.
  • Supply counts are checked every 10 seconds.